 Dungeon Sprint DCSS version 0.31-a0-675-g238779eb0a (webtiles) character file.

Game seed: 17442376475083353868

12488 dialectric the Ninja (level 11, -1/60 (64) HPs)
             Began as a Spriggan Brigand on Sept 5, 2023.
             Was the Champion of Dithmenos.
             Engulfed by a cloud of steam (8 damage)
             ... in the Dungeon (Sprint I: "Red Sonja").
             The game lasted 00:06:33 (1218 turns).

dialectric the Ninja (Spriggan Brigand)             Turns: 1218, Time: 00:06:34

HP:   -1/60 (64)    AC:  2    Str:  5    XL:     11   Next: 63%
MP:   18/21         EV: 28    Int: 11    God:    Dithmenos [******]
Gold: 2057          SH:  0    Dex: 21    Spells: 20/22 levels left

rFire   . . .        l - +4 short sword (drain)
rCold   . . .        (no shield)
rNeg    . . .        b - +0 robe
rPois   .            (helmet restricted)
rElec   .            p - scarf {+Inv}
rCorr   .            (gloves unavailable)
SInv    +            (boots unavailable)
Will    +....        (no amulet) Stlth *********+
                     (no ring)
HPRegen 0.30/turn    (no ring)
MPRegen 0.17/turn

%: no teleportation
@: wreathed by umbra, drained, very quick
A: very small, no large weapons, unfitting armour, see invisible, speed 3,
deterioration 1, dopey 1, weak 1
a: Renounce Religion, Evoke Invisibility, Shadow Step, Shadow Form


You were in the Dungeon.
You worshipped Dithmenos.
Dithmenos was exalted by your worship.
You visited 1 branch You collected 2393 gold pieces.
You spent 336 gold pieces at shops.

Inventory:

Hand Weapons
 l - a +4 short sword of draining (weapon)
Missiles
 d - 13 poisoned darts
 e - 7 curare-tipped darts (quivered)
 n - 5 boomerangs
Armour
 b - a +0 robe (worn)
 c - a +0 cloak
 o - a +0 troll leather armour
 p - a scarf of invisibility (worn)
Scrolls
 a - 2 scrolls of immolation {unknown}
 j - a scroll of poison {unknown}
 k - a scroll of blinking
 m - 2 scrolls of amnesia {unknown}
 q - a scroll of brand weapon {unknown}
Potions
 f - 3 potions of curing
 g - a potion of heal wounds
 h - a potion of haste
 i - 2 potions of magic


   Skills:
 + Level 10.7 Fighting
 - Level 14.4 Short Blades
 - Level 4.3 Throwing
 + Level 12.2 Dodging
 O Level 27 Stealth
 * Level 6.4 Spellcasting
 * Level 4.7 Fire Magic
 + Level 3.0 Invocations
 - Level 9.1 Evocations


You had 20 spell levels left.
You knew the following spells:

 Your Spells              Type           Power      Damage    Failure   Level
a - Scorch                Fire           28%        2d6       4%          2

Your spell library contained the following spells:

 Spells                   Type           Power      Damage    Failure   Level
 Flame Wave               Conj/Fire      8%         2d5       56%         4
 Summon Cactus Giant      Summ           1%         N/A       100%        6


Dungeon Overview and Level Annotations

Branches:
Dungeon (1/1)

Altars:
Cheibriados
Dithmenos
Elyvilon
Fedhas
Gozag
Hepliaklqana
Kikubaaqudgha
Makhleb
Nemelex Xobeh
Okawaru
Qazlal
Ru
Sif Muna
Trog
Uskayaw
Vehumet
Wu Jian
Xom
Yredelemnul
Zin
The Shining One
Jiyva
Lugonu

Shops:
D ?:(?!(?[?(:*[!*[*


Innate Abilities, Weirdness & Mutations

You are very small and have problems with some larger weapons.
You are too small for most types of armour.
You have supernaturally acute eyesight. (SInv)
You cover ground extremely quickly. (Speed+++)
Your body sometimes deteriorates upon taking damage.
You are dopey. (Int -2)
You are weak. (Str -2)


Message History

You are engulfed in a cloud of scalding steam.
You emit a cloud of dark smoke.
You now have 2057 gold pieces (gained 10).
You close the door.
You start resting.
HP restored.
Unknown command.
You open the door.
A shadow dragon and a golden dragon come into view.
The shadow dragon moves out of view.
The golden dragon moves out of view.
Found Great Wizards, Vol.
II and 216 gold pieces.
There is an open door here.
Found 54 gold pieces. x2
Aiming: Shadow Step
Press: ? - help, Dir - move target, f - golden dragon
Aim: a golden dragon (purple smoke, asleep, umbra)
You step into the golden dragon's shadow.
Found a glowing long sword.
The golden dragon roars deafeningly!
The shadow dragon breathes negative energy at you.
The bolt of negative energy hits you!!!
You feel drained.
Ouch! That really hurt!
You emit a cloud of dark smoke.
The golden dragon breathes cold at you. The bolt of cold misses you.
Found five items.
The shadow dragon completely misses you.
The shadow dragon misses you.
The shadow dragon claws you but does no damage.
The golden dragon attacks as it pursues you!
The golden dragon bites you!
* * * LOW HITPOINT WARNING * * *
The golden dragon completely misses you.
The golden dragon barely misses you.
There is an open door here.
Okay, then.
You close the door.
You open the door.
You are engulfed in a cloud of scalding steam.
You die...

##################
§§§†§.'†.#§.'§$§$#
§.§§.##..'.§#§§§§##
#§§§#######+#$§§$§#
###+# #§§§§§#
##§§§§# ###@##
#§####+# ##+#.§§.#
#.§§§§§§§#
#...D§.§§§§#
#...D§§§§.§##
#.....§§§§.§§#
#.....§.§..§.#
##......§...##


There were no monsters in sight!

Vanquished Creatures
  A hydra (D)
  2 centaur warriors (D)
  4 demonic crawlers (D)
  Sonja (D)
  A deep troll (D)
  A lindwurm (D)
  An oklob plant (D)
  3 shining eyes (D)
  A gargoyle (D)
  2 unseen horrors (D)
  2 kobold demonologists (D)
  A hornet (D)
  Sigmund (D)
  A slime creature (D)
  13 hogs (D)
  A yak (D)
  2 redbacks (D)
  4 floating eyes (D)
  An ogre (D)
  7 necrophages (D)
  8 jellies (D)
  Ijyb (D)
  2 ballistomycete spores (D)
61 creatures vanquished.

Notes
Turn   | Place    | Note
-------+----------+-------------------------------------------
     0 | D        | dialectric the Spriggan Brigand began the quest for the
                  | Orb.
     0 | D        | Reached XP level 1. HP: 10/10 MP: 2/2
     2 | D        | Noticed Ijyb
     6 | D        | Killed Ijyb
     7 | D        | Reached skill level 9 in Stealth
     7 | D        | Reached XP level 2. HP: 10/15 MP: 3/3
    11 | D        | Noticed an ogre
    13 | D        | Killed an ogre
    14 | D        | Reached skill level 13 in Stealth
    14 | D        | Reached XP level 3. HP: 15/19 MP: 4/4
    14 | D        | Reached XP level 4. HP: 18/23 MP: 5/5
    16 | D        | Noticed Sigmund
    18 | D        | Killed Sigmund
    19 | D        | Reached skill level 16 in Stealth
    19 | D        | Reached XP level 5. HP: 23/28 MP: 6/6
    19 | D        | Reached XP level 6. HP: 26/32 MP: 7/7
    49 | D        | Found a burning altar of Makhleb.
    49 | D        | Found a shimmering altar of Xom.
    49 | D        | Noticed a slime creature
    50 | D        | Found a viscous altar of Jiyva.
    50 | D        | Found a corrupted altar of Lugonu.
    52 | D        | Killed a slime creature
    53 | D        | Reached skill level 5 in Short Blades
    53 | D        | Reached skill level 19 in Stealth
    56 | D        | Found a shimmering blue altar of Sif Muna.
    57 | D        | Found an ornate altar of the Wu Jian Council.
    58 | D        | Found a radiant altar of Vehumet.
    93 | D        | Found Fulihido's Book Emporium.
    93 | D        | Found an ancient bone altar of Kikubaaqudgha.
    93 | D        | Found a hazy altar of Hepliaklqana.
    93 | D        | Found a hide-covered altar of Uskayaw.
    93 | D        | Found a basalt altar of Yredelemnul.
    93 | D        | Found an opulent altar of Gozag.
    93 | D        | Found a snail-covered altar of Cheibriados.
    93 | D        | Found a sacrificial altar of Ru.
    93 | D        | Found a shadowy altar of Dithmenos.
    93 | D        | Noticed a yak
    94 | D        | Found a stormy altar of Qazlal.
    94 | D        | Found a blossoming altar of Fedhas.
    94 | D        | Found a bloodstained altar of Trog.
    94 | D        | Found an iron altar of Okawaru.
    94 | D        | Found a glowing golden altar of the Shining One.
    94 | D        | Found a glowing silver altar of Zin.
    94 | D        | Found a white marble altar of Elyvilon.
    95 | D        | Killed a yak
    96 | D        | Reached skill level 20 in Stealth
    96 | D        | Reached XP level 7. HP: 38/38 MP: 8/8
    96 | D        | Found a sparkling altar of Nemelex Xobeh.
   102 | D        | Became a worshipper of Dithmenos the Shadowed
   131 | D        | Noticed a kobold demonologist
   132 | D        | Noticed a kobold demonologist
   135 | D        | Reached skill level 21 in Stealth
   135 | D        | Killed a kobold demonologist
   136 | D        | Reached skill level 22 in Stealth
   146 | D        | Noticed a sun demon
   146 | D        | Killed a kobold demonologist
   146 | D        | Reached * piety under Dithmenos
   147 | D        | Reached skill level 5 in Fighting
   147 | D        | Reached skill level 23 in Stealth
   147 | D        | Reached skill level 1 in Evocations
   147 | D        | Reached XP level 8. HP: 24/43 MP: 9/9
   223 | D        | Noticed a demonic crawler
   223 | D        | Noticed a demonic crawler
   223 | D        | Noticed a demonic crawler
   223 | D        | Noticed a demonic crawler
   225 | D        | Killed a demonic crawler
   226 | D        | Reached skill level 25 in Stealth
   226 | D        | Killed a demonic crawler
   227 | D        | Reached skill level 5 in Dodging
   227 | D        | Reached skill level 26 in Stealth
   227 | D        | Reached XP level 9. HP: 47/47 MP: 10/10
   228 | D        | Killed a demonic crawler
   228 | D        | Reached ** piety under Dithmenos
   229 | D        | Reached skill level 27 in Stealth
   229 | D        | Killed a demonic crawler
   230 | D        | Reached skill level 5 in Evocations
   243 | D        | Noticed a lindwurm
   247 | D        | Killed a lindwurm
   248 | D        | Reached skill level 10 in Short Blades
   248 | D        | Reached XP level 10. HP: 55/55 MP: 11/11
   284 | D        | Noticed Sonja
   288 | D        | Killed Sonja
   288 | D        | Reached *** piety under Dithmenos
   302 | D        | Noticed a deep troll
   306 | D        | Killed a deep troll
   323 | D        | Found Ivuashrif's Armour Emporium.
   331 | D        | Bought a scarf of invisibility for 132 gold pieces
   355 | D        | Learned a level 2 spell: Scorch
   356 | D        | Noticed a centaur warrior
   356 | D        | Noticed a centaur warrior
   358 | D        | Killed a centaur warrior
   359 | D        | Killed a centaur warrior
   360 | D        | Reached skill level 1 in Invocations
   377 | D        | Noticed an oklob plant
   379 | D        | Killed an oklob plant
   379 | D        | Reached **** piety under Dithmenos
   394 | D        | Reached skill level 10 in Dodging
   426 | D        | Reached ***** piety under Dithmenos
   429 | D        | Reached XP level 11. HP: 62/62 MP: 13/13
   488 | D        | Found Zysa's Magic Scroll Boutique.
   510 | D        | Bought a scroll of enchant weapon for 90 gold pieces
   563 | D        | Noticed a shining eye
   563 | D        | Noticed a shining eye
   563 | D        | Noticed a shining eye
   564 | D        | Noticed a shining eye
   564 | D        | Noticed a shining eye
   564 | D        | Noticed a shining eye
   564 | D        | Noticed a shining eye
   564 | D        | Noticed a shining eye
   565 | D        | Killed a shining eye
   565 | D        | Paralysed by a floating eye for 3 turns
   569 | D        | Killed a shining eye
   570 | D        | Reached skill level 1 in Fire Magic
   572 | D        | Killed a shining eye
   573 | D        | Paralysed by a floating eye for 4 turns
   574 | D        | Gained mutation: You are weak. (Str -2) [a shining eye]
   575 | D        | Gained mutation: You are dopey. (Int -2) [a shining eye]
   580 | D        | Gained mutation: Your body sometimes deteriorates upon
                  | taking damage. [a shining eye]
   674 | D        | Found Heunemmi's Distillery.
   674 | D        | Found Uclyag's Magic Scroll Shoppe.
   675 | D        | Found Ytwox's Distillery.
   675 | D        | Found Jidgheshrio's Assorted Antiques.
   676 | D        | Found Liosui's General Store.
   679 | D        | Found Asi Oleg's Weapon Shop.
   689 | D        | Reached ****** piety under Dithmenos
   703 | D        | Reached skill level 10 in Fighting
   715 | D        | Reached skill level 1 in Spellcasting
   767 | D        | Found Xeene's Weapon Emporium.
   767 | D        | Found Kytair's Magic Scroll Shop.
   767 | D        | Found Peypad's Armour Shoppe.
   767 | D        | Found Qugethraf's Magic Scroll Boutique.
   767 | D        | Found Turaekku's Weapon Emporium.
   767 | D        | Found Famis's Book Shop.
   767 | D        | Found Henk's General Store.
   804 | D        | Bought a scroll of enchant weapon for 75 gold pieces
   806 | D        | Bought a potion of curing for 39 gold pieces
   806 | D        | Found Vuedoet's Antique Armour Boutique.
   930 | D        | Reached skill level 5 in Spellcasting
   979 | D        | Noticed a 12-headed hydra
   981 | D        | Killed a 12-headed hydra
  1207 | D        | Noticed a shadow dragon
  1207 | D        | Noticed a golden dragon
  1218 | D        | Engulfed by a cloud of steam

Illustrated notes

Levels and vault maps discovered:
D:        dungeon_sprint_1 [red_sonja_temple_1, red_sonja_temple_small_1]

Skill      XL: |  1  2  3  4  5  6  7  8  9 10 11 |
---------------+----------------------------------+-----
Fighting       | 2 3 4 5 7 9 10 | 10.7
Stealth        | 9 13 16 20 23 26 27 | 27.0
Short Blades   | 3 4 5 6 7 10 13 14 | 14.4
Throwing       | 3 4 |  4.3
Dodging        | 2 3 5 7 10 12 | 12.2
Evocations     | 1 3 6 9 |  9.1
Invocations    | 1 3 |  3.0
Fire Magic     | 4 |  4.7
Spellcasting   | 6 |  6.4

Action                     |  1- 3 |  4- 6 |  7- 9 | 10-12 || total
---------------------------+-------+-------+-------+-------++-------
  Melee: Dagger            |     3 |     4 |     9 |     1 ||    17
         Short sword       |       |       |       |   107 ||   107
         Punch             |       |       |       |     1 ||     1
  Throw: Dart              |     1 |       |     3 |     5 ||     9
   Cast: Scorch            |       |       |       |     1 ||     1
 Invoke: Shadow Step       |       |       |       |     4 ||     4
Ability: Evoke Invisibilit |       |       |       |     1 ||     1
  Evoke: Wand              |       |       |     5 |       ||     5
    Use: Scroll            |       |       |       |     2 ||     2
         Potion            |       |       |       |     2 ||     2
   Stab: Sleeping          |     2 |     4 |     7 |    32 ||    45
         Distracted        |       |       |       |     2 ||     2
 Armour: Robe              |     1 |       |    10 |    22 ||    33
  Dodge: Dodged            |     1 |       |    24 |    58 ||    83

Table legend: (Time is in decaauts)
 A = Elapsed time spent in this place.
 B = Non-inter-level travel time spent in this place.
 C = Inter-level travel time spent in this place.
 D = Time resting spent in this place.
 E = Time spent auto-exploring this place.
 F = Levels seen in this place.
 G = Mean time per level.
                   A        B        C        D        E       F      G
               +--------+--------+--------+--------+--------+-----+--------+
         Total |    945 |    945 |      0 |    284 |    126 |   1 |  945.0 |
       Dungeon |    945 |    945 |      0 |    284 |    126 |   1 |  945.0 |
               +--------+--------+--------+--------+--------+-----+--------+

Top non-repeatable levels by time:
       D: 945 daAuts
